AoeStats
← busy pushing deer

African Clearing

510662849Analyzed
4v4 RM · 6h ago on Oct 2, 2026· 33m 9s· 8 players
Game mode
Random Map
Map size
Large (8 player)
Population
200
Speed
Normal
Resources
Standard
Victory
Conquest
Starting age
Dark Age
Ending age
Imperial Age
RankedLock teamsTeams togetherTeam positionsShared explorationLock speedFull tech treeHidden civsTurbo modeCheats
Victory
Defeat
🇻🇳 Shu · Vietnam
1467
+12
🇩🇪 Poles · Germany
1433
+14
🇦🇷 Ethiopians · Argentina
1258
+21
🇺🇸 Tatars · United States
1224
+22
🇺🇸 Inca · United States
1416
-19
🇩🇪 Vikings · Germany
1367
-17
🇦🇷 Persians · Argentina
1362
-17
🇨🇴 Byzantines · Colombia
1335
-16
santinc98
11:19 Loom
14:48 Feudal Age
20:17 Castle Age
18:30 Double-Bit Axe
19:24 Horse Collar
22:24 Fletching
22:55 Crossbowman
28:10 Bodkin Arrow
29:06 Bow Saw
busy pushing deer
14:58 Feudal Age
18:50 Castle Age
17:22 Double-Bit Axe
17:52 Gold Mining
19:55 Bow Saw
19:55 Fletching
21:04 Crossbowman
22:59 Loom
23:49 Wheelbarrow
25:54 Hand Cart
25:25 Town Watch
26:58 Ballistics
27:07 Bodkin Arrow
27:24 Pikeman
29:04 Padded Archer Armor
30:38 Fishing Lines
32:31 Horse Collar
33:02 Scale Mail Armor
33:13 Forging
Ryan Lunzen
13:01 Loom
15:06 Feudal Age
13:23 Loom
15:46 Double-Bit Axe
18:27 Fletching
21:50 Castle Age
21:33 Padded Archer Armor
ZarckNogh
9:01 Loom
11:34 Feudal Age
12:00 Double-Bit Axe
11:56 Horse Collar
17:22 Town Watch
26:28 Castle Age
25:19 Fletching
26:53 Bodkin Arrow
27:36 Guard Tower
iamjhing
8:14 Loom
13:32 Feudal Age
15:41 Stone Mining
15:43 Double-Bit Axe
18:13 Castle Age
20:14 Gold Mining
20:46 Scale Barding Armor
22:05 Bow Saw
22:32 Forging
25:17 Horse Collar
27:35 Wheelbarrow
27:51 Husbandry
30:18 Chain Barding Armor
vR-MrReD
3:08 Loom
12:05 Feudal Age
12:58 Double-Bit Axe
17:32 Wheelbarrow
21:50 Castle Age
19:45 Horse Collar
20:30 Bloodlines
21:12 Scale Barding Armor
21:00 Gold Mining
28:09 Chain Barding Armor
28:39 Forging
33:34 Husbandry
43 Đoàn Quốc Hưng
10:57 Loom
11:11 Loom
13:21 Feudal Age
19:26 Castle Age
17:52 Fletching
19:31 Padded Archer Armor
19:33 Crossbowman
20:09 Bodkin Arrow
21:03 Double-Bit Axe
29:31 Horse Collar
30:01 Bow Saw
JosemaAlabama
7:15 Loom
14:17 Feudal Age
15:33 Double-Bit Axe
18:45 Castle Age
18:22 Gold Mining
18:45 Horse Collar
19:51 Fletching
20:20 Scale Mail Armor
27:03 Heavy Plow
27:21 Bow Saw
28:08 Town Watch
30:13 Bodkin Arrow
32:54 Heavy Plow
Connection lost

Rejoining the realm…

Still unreachable

The connection could not be restored.

Session expired

The server has moved on; the page needs a fresh start.